 Dungeon Crawl Stone Soup version 0.28.0-53-g5a82cb258f (webtiles) character file.

Game seed: 14751852086782372204

907 firemarshallily the Changer (level 8, -27/52 HPs)
             Began as an Octopode Transmuter on May 26, 2022.
             Annihilated by an ogre
             ... wielding a +0 giant spiked club
              (35 damage)
             ... on level 5 of the Dungeon.
             The game lasted 00:18:40 (4258 turns).

firemarshallily the Changer (Octopode Transmuter)   Turns: 4258, Time: 00:18:42

Health: -27/52     AC:  3    Str: 11    XL:     8   Next: 8%
Magic:  14/14      EV: 14    Int: 24    God:
Gold:   155        SH:  0    Dex: 12    Spells: 8/16 levels left

rFire   + . .      SeeInvis +   k - +4 dagger (holy)
rCold   . . .      Faith    .   (no shield)
rNeg    . . .      Spirit   .   (helmet currently unavailable)
rPois   .          Reflect  .   (no amulet)
rElec   .          Harm     .   i - +6 ring of intelligence
rCorr   .          Rampage  .   p - ring of see invisible
Will    .....                   (no ring)
Stlth   ++........              (no ring)
HPRegen 0.17/turn               (no ring)
MPRegen 0.14/turn               (no ring)
                                (no ring)
                                (no ring)

@: appendages (expiring)
A: tentacle spike 3, almost no armour, amphibious, 8 rings, camouflage 1,
gelatinous body 1, (nimble swimmer 1), tentacles, iridescent scales 1, fire
resistance 1, strong 1
a: End Transformation


You were on level 5 of the Dungeon.
One of your tentacles had grown a beastly spike.
You visited 1 branch of the dungeon, and saw 5 of its levels.

You collected 155 gold pieces.

Inventory:

Hand Weapons
 k - a +4 dagger of holy wrath (weapon)
Missiles
 a - 184 stones
 h - 3 boomerangs
 n - 4 javelins
Jewellery
 i - a +6 ring of intelligence (left tentacle)
 p - a ring of see invisible (right tentacle)
Scrolls
 g - a scroll of vulnerability {unknown}
Potions
 b - 3 potions of mutation
 c - a potion of lignification
 d - 2 potions of might
 e - a potion of berserk rage {unknown}
 f - a potion of curing


   Skills:
 + Level 3.2 Fighting
 + Level 3.7 Dodging
 + Level 4.3 Unarmed Combat
 * Level 4.6 Spellcasting
 - Level 2.0 Summonings
 * Level 4.9 Transmutations


You had 8 spell levels left.
You knew the following spells:

 Your Spells              Type           Power      Damage    Failure   Level
a - Beastly Appendage     Tmut           58%        N/A       1%          1
b - Wereblood             Tmut           29%        N/A       1%          2
c - Call Imp              Summ           15%        N/A       6%          2
d - Spider Form           Tmut/Pois      17%        N/A       10%         3

Your spell library contained the following spells:

 Spells                   Type           Power      Damage    Failure   Level
 Magic Dart               Conj           20%        1d4       10%         1
 Mephitic Cloud           Conj/Pois/Air  5%         N/A       28%         3
 Ice Form                 Ice/Tmut       17%        N/A       32%         4
 Hailstorm                Conj/Ice       5%         3d4       67%         4
 Simulacrum               Ice/Necr       2%         N/A       100%        6


Dungeon Overview and Level Annotations

Branches:
Dungeon (5/15)
 Temple: D:4-7

Altars:
Okawaru
Ru


Innate Abilities, Weirdness & Mutations

One of your tentacles has grown a beastly spike.
You cannot wear most types of armour.
You are amphibious.
You can wear up to eight rings at the same time.
Your skin changes colour to match your surroundings (Stealth+).
Your rubbery body absorbs attacks. (AC +1, EV +1)
((You are camouflaged when in or above water. (Stealth+)))
You have tentacles for arms and can constrict up to eight enemies at once.
You are partially covered in iridescent scales. (AC +2)
Your flesh is heat resistant. (rF+)
Your muscles are strong. (Str +2)


Message History

You hit the ogre.
Your tentacle spike misses the ogre.
The ogre is lightly wounded.
The ogre closely misses you.
You hit the ogre.
You pierce the ogre, but do no damage.
Your tentacle-slap misses the ogre.
The ogre is moderately wounded.
The ogre barely misses you. The phantom misses you.
Casting: Beastly Appendage (safe; 1% risk of failure)
Confirm with . or Enter, or press ? or * to list all spells.
A shadowy apparition takes form in the air.
The ogre barely misses you.
The ogre hits your shadow imp with a +0 giant spiked club!
Your shadow imp dies!
Your shadow imp disappears in a puff of smoke!
You barely miss the ogre. Your squeeze misses the ogre.
The ogre is lightly wounded.
The ogre hits you with a +0 giant spiked club!
You barely miss the ogre.
The ogre is lightly wounded.
The ogre misses you.
You barely miss the ogre.
You pierce the ogre.
The ogre is moderately wounded.
The ogre hits you with a +0 giant spiked club.
You hit the ogre.
You pierce the ogre, but do no damage.
The ogre is heavily wounded.
You hit the ogre.
You pierce the ogre.
The ogre is heavily wounded.
The ogre hits you with a +0 giant spiked club!!
* * * LOW HITPOINT WARNING * * *
Your primal bloodlust is almost over.
There is a stone staircase leading down here.
The ogre closely misses you.
Your primal bloodlust has ended.
You see here 11 arrows.
Your transformation is almost over.
There is an escape hatch in the ceiling here.
Magic restored.
The ogre hits you with a +0 giant spiked club!!
Ouch! That really hurt!
You die...

##.##.#
#.##.# #..#.#
##.#.# #...#
##..#########
#.>...Z..W.#
##########O#
#....#@#
#..#.#.#
#..#.#.#
#..#.#.#
#..###.#
####......#
#.<#.######
#.##.# #.##.#


You could see a phantom and an ogre.

Vanquished Creatures
  Eustachio (D:4)
  Menkaure (D:4)
  Edmund (D:4)
  2 scorpions (D:4)
  A hound (D:4)
  A jelly (D:5)
  2 orc priests (D:4)
  3 iguanas (D:4)
  Natasha (twice) (D:3)
  An orc wizard (D:3)
  A hound zombie (D:5)
  4 adders
  8 dart slugs
  5 orcs
  4 ball pythons
  2 endoplasms
  4 giant cockroaches
  5 goblins
  13 hobgoblins
  2 jackals (D:1)
  12 kobolds
  5 bats
  2 frilled lizards (D:1)
  2 rats
84 creatures vanquished.

Vanquished Creatures (collateral kills)
  An orc (D:4)
  A kobold (D:4)
2 creatures vanquished.

Vanquished Creatures (others)
  6 plants (D:2)
6 creatures vanquished.

Grand Total: 92 creatures vanquished

Notes
Turn   | Place    | Note
-------+----------+-------------------------------------------
     0 | D:1      | firemarshallily the Octopode Transmuter began the quest for
                  | the Orb.
     0 | D:1      | Reached XP level 1. HP: 13/13 MP: 3/3
   252 | D:1      | Reached XP level 2. HP: 18/18 MP: 5/5
   752 | D:1      | Reached XP level 3. HP: 16/23 MP: 4/6
   768 | D:1      | Learned a level 2 spell: Wereblood
   771 | D:1      | Learned a level 2 spell: Call Imp
  1235 | D:2      | Gained mutation: Your flesh is heat resistant. (rF+)
                  | [potion of mutation]
  1235 | D:2      | Gained mutation: Your muscles are strong. (Str +2) [potion
                  | of mutation]
  1235 | D:2      | Gained mutation: You are partially covered in iridescent
                  | scales. (AC +2) [potion of mutation]
  1886 | D:3      | Found a sacrificial altar of Ru.
  1899 | D:3      | Noticed Natasha
  1905 | D:3      | Killed Natasha
  1906 | D:3      | Reached XP level 4. HP: 29/29 MP: 6/8
  2157 | D:3      | Reached XP level 5. HP: 32/34 MP: 9/9
  2242 | D:3      | Learned a level 3 spell: Spider Form
  2278 | D:3      | Noticed Natasha
  2283 | D:3      | Killed Natasha
  2319 | D:3      | Reached skill level 1 in Summonings
  2481 | D:4      | Reached XP level 6. HP: 11/39 MP: 5/11
  2719 | D:4      | Noticed Eustachio
  2732 | D:4      | Killed Eustachio
  3262 | D:4      | Reached XP level 7. HP: 40/45 MP: 12/12
  3309 | D:4      | Noticed Edmund
  3329 | D:4      | Killed Edmund
  3541 | D:4      | Noticed Menkaure
  3552 | D:4      | Killed Menkaure
  3681 | D:4      | Found an iron altar of Okawaru.
  3953 | D:4      | Reached XP level 8. HP: 27/52 MP: 14/14
  4163 | D:5      | Entered Level 5 of the Dungeon
  4258 | D:5      | Annihilated by an ogre

Illustrated notes

Levels and vault maps discovered:
D:1:      minmay_arrival_checkered_box, layout_basic, minmay_heptomino_l4
D:2:      layout_loops_ring, serial_bayou, serial_bayou_lagoon_a,
          serial_bayou_lake_a, serial_bayou_pond_e, serial_bayou_crossing
D:3:      layout_loops_ring, nicolae_ru_sacrificial_ziggurat,
          chequers_mini_garden, uniq_natasha
D:4:      layout_gridville, okawaru_altar_gauntlet_db, minmay_cupped,
          uniq_edmund, uniq_eustachio, uniq_menkaure
D:5:      layout_basic, led_xom_imps, grunt_temple_overflow_open,
          minmay_temple_entry_ruins, dk_noncrumbling_4, uniq_grinder

Skill      XL: |  1  2  3  4  5  6  7 |
---------------+----------------------+-----
Spellcasting   | 3 4 |  4.6
Transmutations | 3 4 |  4.9
Summonings     | 1 2 |  2.0
Fighting       | 2 3 |  3.2
Dodging        | 3 |  3.7
Unarmed Combat | 4 |  4.3

Action                   |  1- 3 |  4- 6 |  7- 9 || total
-------------------------+-------+-------+-------++-------
Melee: Unarmed           |    76 |    20 |       ||    96
       Constrict         |    28 |    21 |    13 ||    62
       Kick              |    22 |    23 |    24 ||    69
       Tentacles         |    11 |    19 |    15 ||    45
       Punch             |     1 |     2 |     1 ||     4
       Dagger            |       |    50 |    62 ||   112
 Cast: Beastly Appendage |    23 |    17 |    11 ||    51
       Wereblood         |       |     3 |     5 ||     8
       Call Imp          |       |     2 |     4 ||     6
  Use: Scroll            |     1 |     1 |     7 ||     9
       Potion            |     1 |       |     1 ||     2
 Stab: Sleeping          |     4 |     1 |     3 ||     8
Armor: Skin              |     6 |    12 |    14 ||    32
Dodge: Dodged            |    44 |    52 |    35 ||   131
